 Dungeon Crawl Stone Soup version 0.30.0-29-ga12c61a403 (webtiles) character file.

Game seed: 15054006572798329353

4629 seaoflcl the Carver (level 10, -1/79 (84) HPs)
             Began as a Demigod Fighter on June 4, 2023.
             Slain by a warg (4 damage)
             ... on level 9 of the Dungeon.
             The game lasted 00:22:58 (8186 turns).

seaoflcl the Carver (Demigod Fighter)               Turns: 8186, Time: 00:22:58

HP:   -1/79 (84)    AC: 19    Str: 31    XL:     10   Next: 0%
MP:   0/13          EV:  8    Int: 10    God:
Gold: 138           SH:  6    Dex: 17    Spells: 9/9 levels left

rFire   . . .        N - +3 falchion (freeze)
rCold   . . .        c - +0 buckler
rNeg    . . .        U - +2 plate armour {rPois}
rPois   +            s - +1 helmet
rElec   .            O - +0 cloak
rCorr   .            (no gloves)
SInv    .            (no boots)
Will    ++...        J - amulet of guardian spirit Stlth
                     r - +6 ring of strength
HPRegen 0.33/turn    q - ring of willpower
MPRegen 0.13/turn

%: guardian spirit
@: drained
A: high MP 1, forlorn, divine attributes
a: no special abilities


You were on level 9 of the Dungeon.
You visited 2 branches of the dungeon, and saw 10 of its levels.

You collected 573 gold pieces.
You spent 435 gold pieces at shops.

Inventory:

Hand Weapons
 a - a +0 long sword
 g - a +0 sling
 i - a +2 short sword of freezing
 A - a +1 falchion of flaming
 H - a +4 hand axe
 N - a +3 falchion of freezing (weapon)
 S - a +0 sling
 V - a +3 scimitar of flaming
Missiles
 h - 85 stones (quivered)
Armour
 b - a +0 scale mail
 c - a +0 buckler (worn)
 l - a +1 robe of resistance
 s - a +1 helmet (worn)
 z - a +3 leather armour
 C - a +2 robe of fire resistance
 O - a +0 cloak (worn)
 U - a +2 plate armour of poison resistance (worn)
Jewellery
 q - a ring of willpower (right hand)
 r - a +6 ring of strength (left hand)
 F - a ring of protection from cold
 J - an amulet of guardian spirit (around neck)
Wands
 d - a wand of flame (23)
 u - a wand of polymorph (2)
 x - a wand of mindburst (20)
 B - a wand of roots (11)
 P - a wand of digging (8)
 Q - a wand of paralysis (11)
Scrolls
 e - 2 scrolls of noise {unknown}
 j - 2 scrolls of fog
 n - 4 scrolls of teleportation
 p - 2 scrolls of enchant weapon {unknown}
 t - a scroll of vulnerability
 y - a scroll of torment {unknown}
 E - 3 scrolls of blinking {unknown}
 G - a scroll of poison {unknown}
 I - 2 scrolls of immolation {unknown}
 K - a scroll of magic mapping {unknown}
 R - a scroll of fear {unknown}
 T - a scroll of brand weapon {unknown}
Potions
 f - 4 potions of degeneration
 k - 2 potions of magic {unknown}
 m - a potion of ambrosia {unknown}
 o - a potion of berserk rage {unknown}
 v - a potion of attraction {unknown}
 D - 2 potions of flight {unknown}
 L - a potion of might
 M - a potion of lignification {unknown}


   Skills:
 + Level 6.6 Fighting
 + Level 9.1 Long Blades
 + Level 7.3 Armour
 + Level 0.4 Dodging
 + Level 0.1 Stealth
 + Level 5.7 Shields


You had 9 spell levels left.
You didn't know any spells.
Your spell library contained the following spells:

 Spells                   Type           Power      Damage    Failure   Level
 Apportation              Tloc           0%         N/A       98%         1
 Freeze                   Ice            0%         1d3       98%         1
 Shock                    Conj/Air       0%         1d3       98%         1
 Ensorcelled Hibernation  Hex/Ice        0%         N/A       99%         2
 Lesser Beckoning         Tloc           0%         N/A       99%         2
 Passwall                 Tmut/Erth      0%         N/A       99%         2
 Frozen Ramparts          Ice            0%         1d1       100%        3
 Gell's Gravitas          Tloc           0%         N/A       100%        3
 Hailstorm                Conj/Ice       0%         3d3       100%        3
 Swiftness                Air            0%         N/A       100%        3
 Teleport Other           Tloc           0%         N/A       100%        3
 Airstrike                Air            0%         2d(0-16)  100%        4
 Alistair's Intoxication  Tmut/Pois      0%         N/A       100%        5


Dungeon Overview and Level Annotations

Branches:
Dungeon (9/15)             Temple (1/1) D:6            Lair (0/5) D:8
    Orc: D:9-12

Shops:
D:1 *   D:4 [

Annotations:
Temple 4 transporters


Innate Abilities, Weirdness & Mutations

You have an increased reservoir of magic. (+10% MP)
You shall have no god before yourself.
Your divine heritage dramatically boosts your attributes as you level up.


Message History

* * * LOW HITPOINT WARNING * * *
The warg closely misses you. The warg attacks as you move away!
The warg barely misses you.
There is an escape hatch in the floor here.
You block the warg's attack. The wight barely misses you.
You slide downwards.
The hatch slams shut behind you.
Reactivating autopickup.
You hit the warg. You freeze the warg.
The warg is lightly wounded.
You block the warg's attack. The warg bites you!
* * * LOW HITPOINT WARNING * * *
You feel better. You block the warg's attack.
You hit the warg but do no damage.
The warg is lightly wounded.
The warg closely misses you.
You hit the warg. You freeze the warg.
The warg is moderately wounded.
You block the warg's attack.
You closely miss the warg.
The warg is moderately wounded.
The warg bites you!
* * * LOW HITPOINT WARNING * * *
You closely miss the warg.
The warg is moderately wounded.
You block the warg's attack.
You feel better. The warg bites you.
* * * LOW HITPOINT WARNING * * *
The warg bites you.
* * * LOW HITPOINT WARNING * * *
You miss the warg.
The warg is moderately wounded.
The warg bites you.
* * * LOW HITPOINT WARNING * * *
You closely miss the warg.
The warg is moderately wounded.
The warg bites you but does no damage.
You slash the warg! You freeze the warg.
The warg is severely wounded.
The warg bites you.
You die...

##...###
+......#
##......#
#.......#
#.......+
#.......#
#......#
+..@...#
##.h.###
#.#+# ##


You could see a warg.

Vanquished Creatures
  Erica (D:8)
  Pikel (D:5)
  Maurice (D:8)
  Sigmund (D:3)
  A wyvern (D:8)
  An orc warrior (D:8)
  A black bear (D:6)
  2 ice beasts
  A sky beast (D:7)
  An ogre (D:5)
  3 centaurs (D:8)
  A lemure (D:5)
  3 phantoms
  4 bullfrogs
  7 scorpions
  5 wights
  2 howler monkeys
  2 hounds
  2 jellies
  A gnoll bouda (D:7)
  5 orc priests
  3 iguanas
  2 sleepcaps
  Jessica (D:2)
  6 orc wizards
  Ijyb (D:5)
  Natasha (thrice) (D:3)
  5 gnolls (D:7)
  9 adders
  A shadow imp (D:7)
  A white imp (D:7)
  2 dart slugs (D:3)
  30 orcs
  5 ball pythons
  4 bats
  4 endoplasms
  5 giant cockroaches
  8 goblins
  7 hobgoblins
  2 jackals (D:3)
  10 quokkas
  2 frilled lizards (D:1)
  10 kobolds
  2 rats (D:1)
169 creatures vanquished.

Vanquished Creatures (others)
  An orc (D:8)
1 creature vanquished.

Grand Total: 170 creatures vanquished

Notes
Turn   | Place    | Note
-------+----------+-------------------------------------------
     0 | D:1      | seaoflcl the Demigod Fighter began the quest for the Orb.
     0 | D:1      | Reached XP level 1. HP: 18/18 MP: 3/3
   139 | D:1      | Reached XP level 2. HP: 22/25 MP: 4/4
   253 | D:1      | Found Agheus's General Store.
   344 | D:1      | Reached skill level 2 in Long Blades
   941 | D:2      | Noticed Jessica
   944 | D:2      | Killed Jessica
   945 | D:2      | Reached XP level 3. HP: 26/31 MP: 5/5
  1631 | D:3      | Reached XP level 4. HP: 24/38 MP: 6/6
  1894 | D:3      | Noticed a phantom
  1946 | D:3      | Killed a phantom
  1947 | D:3      | Reached skill level 3 in Long Blades
  1947 | D:3      | Reached XP level 5. HP: 10/45 MP: 7/7
  2159 | D:3      | Noticed Sigmund
  2161 | D:3      | Noticed Natasha
  2198 | D:3      | Killed Natasha
  2211 | D:3      | Killed Sigmund
  2212 | D:3      | Reached skill level 4 in Long Blades
  2212 | D:3      | Reached XP level 6. HP: 12/52 MP: 8/8
  2414 | D:3      | Noticed Natasha
  2428 | D:3      | Killed Natasha
  2712 | D:3      | Noticed Natasha
  2726 | D:3      | Killed Natasha
  2931 | D:4      | Found a transporter.
  3105 | D:4      | Found a transporter.
  3195 | D:4      | Reached XP level 7. HP: 55/59 MP: 9/9
  3260 | D:4      | Reached skill level 5 in Armour
  3414 | D:4      | Found Hikad's Armour Shop.
  3930 | D:1      | Bought a scroll of identify for 28 gold pieces
  4036 | D:5      | Entered Level 5 of the Dungeon
  4054 | D:5      | Reached skill level 5 in Long Blades
  4217 | D:5      | Noticed Pikel
  4245 | D:5      | Killed Pikel
  4246 | D:5      | Reached skill level 6 in Long Blades
  4246 | D:5      | Reached XP level 8. HP: 26/67 MP: 10/10
  4634 | D:5      | Noticed Ijyb
  4660 | D:5      | Killed Ijyb
  5015 | D:6      | Reached skill level 5 in Fighting
  5095 | D:6      | Found a staircase to the Ecumenical Temple.
  5199 | D:6      | Reached skill level 7 in Long Blades
  5625 | Temple   | Entered the Ecumenical Temple
  5625 | Temple   | Found a transporter.
  5625 | Temple   | Found a transporter.
  5628 | Temple   | Found a transporter.
  5628 | Temple   | Found a transporter.
  5748 | D:6      | Reached skill level 5 in Shields
  6219 | D:6      | Reached XP level 9. HP: 57/66 MP: 9/11
  6648 | D:7      | Reached skill level 8 in Long Blades
  7172 | D:4      | Bought a +2 plate armour of poison resistance for 407 gold
                  | pieces
  7513 | D:8      | Noticed Maurice
  7551 | D:8      | Killed Maurice
  7933 | D:8      | Noticed Erica
  7948 | D:8      | Killed Erica
  7949 | D:8      | Reached skill level 9 in Long Blades
  8141 | D:8      | Reached XP level 10. HP: 84/84 MP: 13/13
  8145 | D:8      | Found a staircase to the Lair.
  8184 | D:9      | HP: 3/79 [warg (4)]
  8186 | D:9      | Slain by a warg

Illustrated notes

Levels and vault maps discovered:
D:1:      pf_arrival_petrified_forest, layout_basic, serial_shops, shop
D:2:      layout_loops_cross, minmay_misc_feat_tower, uniq_jessica
D:3:      layout_loops_cross, shapermc_ecumenical_altar_ellora, st_stairs_13,
          uniq_sigmund, uniq_natasha
D:4:      gammafunk_wand_slinger, layout_rooms,
          mainiacjoe_overflow_catch_the_wave, serial_shops,
          nicolae_shop_behind_doors
D:5:      layout_loops_ring, kennysheep_mini_moat, uniq_ijyb, uniq_pikel
D:6:      layout_gridville, minmay_temple_entry_tees
D:7:      layout_loops_ring
D:8:      layout_loops_ring, erik_lair_orcish_takeover, uniq_maurice, uniq_erica
D:9:      nicolae_cairo_tiling_very_big, layout_long_grid,
          minmay_increasing_density, uniq_joseph
Temple:   hellmonk_temple_divided_pantheon

Skill      XL: |  1  2  3  4  5  6  7  8  9 |
---------------+----------------------------+-----
Long Blades    | 2 3 4 6 7 9 |  9.1
Fighting       | 3 4 5 6 |  6.6
Shields        | 3 5 |  5.7
Armour         | 3 4 5 6 7 |  7.3
Dodging        | |  0.4
Stealth        | |  0.1

Action                     |  1- 3 |  4- 6 |  7- 9 | 10-12 || total
---------------------------+-------+-------+-------+-------++-------
  Melee: Long sword        |   110 |   166 |       |       ||   276
         Falchion          |       |    12 |   499 |    21 ||   532
    Use: Potion            |       |     3 |     4 |     2 ||     9
         Scroll            |       |     2 |     3 |       ||     5
 Armour: Plate armour      |    97 |   147 |   263 |    12 ||   519
         Scale mail        |     1 |       |       |       ||     1
  Dodge: Dodged            |    32 |    74 |   128 |    19 ||   253
  Block: Buckler           |    31 |    45 |   103 |    11 ||   190
